 Dungeon Crawl Stone Soup version 0.25-a0-1137-g7f6bfe439b (webtiles) character file.

Game seed: 6232803068205395377, levelgen mode: classic

560 Amnesiac the Skirmisher (level 7, -9/44 HPs)
             Began as a Deep Elf Fighter on May 23, 2020.
             Was an Initiate of Okawaru.
             Mangled by an ogre
             ... wielding a +0 giant club
              (12 damage)
             ... on level 4 of the Dungeon.
             The game lasted 00:06:46 (3441 turns).

Amnesiac the Skirmisher (Deep Elf Fighter)          Turns: 3441, Time: 00:06:47

Health: -9/44      AC: 12    Str: 15    XL:     7   Next: 9%
Magic:  9/9        EV:  4    Int: 13    God:    Okawaru [......]
Gold:   139        SH: 12    Dex: 14    Spells: 6/6 levels left

rFire    . . .     SeeInvis .   a - +0 war axe
rCold    . . .     Gourm    .   w - +0 tower shield
rNeg     . . .     Faith    .   j - +2 chain mail {rPois}
rPois    +         Spirit   .   C - +2 hat
rElec    .         Reflect  .   (no cloak)
rCorr    .         Harm     .   (no gloves)
MR       .....                  (no boots)
Stlth    ..........             (no amulet)
HPRegen  0.14/turn              (no ring)
MPRegen  0.11/turn              (no ring)

@: no status effects
A: no striking features
a: Renounce Religion


You were on level 4 of the Dungeon.
You worshipped Okawaru.
Okawaru was noncommittal.
You were hungry.

You visited 2 branches of the dungeon, and saw 5 of its levels.

You collected 139 gold pieces.

Inventory:

Hand Weapons
 a - a +0 war axe (weapon)
 b - a +0 hunting sling
 y - a +0 dagger of venom
Missiles
 k - 44 stones
 t - 19 sling bullets
 x - 34 arrows
 A - 3 poisoned darts
 D - a curare-tipped dart (quivered)
Armour
 c - a +0 kite shield
 j - a +2 chain mail of poison resistance (worn)
 w - a +0 tower shield (worn)
 C - a +2 hat (worn)
Jewellery
 u - a cursed ring of teleportation {unknown}
Wands
 q - a wand of polymorph (5)
Scrolls
 i - 3 scrolls of identify {!r, unknown}
 o - 3 scrolls of immolation {!r, unknown}
 p - a scroll of blinking {!r, unknown}
 r - a scroll of remove curse {!r, unknown}
 s - 3 scrolls of teleportation {!r, unknown}
 B - a scroll of magic mapping {!r, unknown}
Potions
 d - a potion of might {!q}
 e - 2 potions of ambrosia {!q, unknown}
 g - a potion of flight {!q, unknown}
 h - 2 potions of haste {!q, unknown}
 l - a potion of lignification {!q, unknown}
 m - 2 potions of stabbing {!q, unknown}
 n - 2 potions of cancellation {!q, unknown}
 v - a potion of brilliance {!q, unknown}
 z - a potion of berserk rage {!q, unknown}
 E - a potion of magic {!q, unknown}
Comestibles
 f - 6 rations


   Skills:
 * Level 5.4 Fighting
 - Level 2.0 Axes
 - Level 2.4 Armour
 + Level 5.3 Dodging
 - Level 2.4 Shields


You had 6 spell levels left.
You didn't know any spells.
Your spell library was empty.

Dungeon Overview and Level Annotations

Branches:
Dungeon (4/15)             Temple (1/1) D:4

Altars:
Ashenzari
Cheibriados
Dithmenos
Fedhas
Gozag
Hepliaklqana
Nemelex Xobeh
Okawaru
Qazlal
Vehumet
Wu Jian
Zin
Lugonu


Message History

t - 17 sling bullets (gained 1)
t - 19 sling bullets (gained 2)
A giant cockroach comes into view.
You see here 2 sling bullets.
A giant cockroach is nearby!
A giant cockroach is nearby!
The giant cockroach waves its antennae.
You closely miss the giant cockroach.
The giant cockroach bites you but does no damage. x2
You hit the giant cockroach but do no damage.
You block the giant cockroach's attack.
The giant cockroach bites you but does no damage.
You slash the giant cockroach!
You kill the giant cockroach!
Okawaru accepts your kill.
No target in view!
t - 21 sling bullets (gained 2)
E - a yellow potion {!q}
Found a ring mail.
Found a whip and 14 bolts.
An ogre comes into view. It is wielding a +0 giant club.
The ogre shouts!
Found a hand axe.
There is an open door here.
An ogre is nearby!
b - a +0 hunting sling (weapon)
Firing (i - inventory. (/) - cycle)
t - 21 sling bullets (quivered)
Press: ? - help, Shift-Dir - straight line, f - ogre
Aim: an ogre, wielding a +0 giant club You shoot a sling bullet.
The sling bullet hits the ogre!
The ogre is moderately wounded.
Firing (i - inventory. (/) - cycle)
t - 20 sling bullets (quivered)
Press: ? - help, Shift-Dir - straight line, f/p - ogre
Aim: an ogre, wielding a +0 giant club (moderately wounded)
You shoot a sling bullet. The sling bullet hits the ogre.
The ogre is heavily wounded.
a - a +0 war axe (weapon)
You block the ogre's attack.
Your chain mail prevents you from hitting the ogre.
The ogre is heavily wounded.
The ogre hits you with a +0 giant club.
You hit the ogre but do no damage.
The ogre is heavily wounded.
The ogre hits you but does no damage. You block the ogre's attack.
You barely miss the ogre.
The ogre is heavily wounded.
The ogre hits you with a +0 giant club!
* * * LOW HITPOINT WARNING * * *
You hit the ogre.
The ogre is severely wounded.
The ogre hits you with a +0 giant club!
* * * LOW HITPOINT WARNING * * *
You are too injured to fight recklessly!
You are too injured to fight recklessly!
You are too injured to fight recklessly!
You are too injured to fight recklessly!
You are too injured to fight recklessly!
You hit the ogre.
The ogre is severely wounded.
You block the ogre's attack.
Your shield and chain mail prevent you from hitting the ogre.
The ogre is severely wounded.
The ogre hits you with a +0 giant club!
You die...

.....#+####.....#####.#
...?....###.....## #.#
........'........####.#
........#####.#.......#
.................######
...............########
.........####..........
########'.# #..########
.....(O@#.#####.########
...(.)..#..............#
######..#+#####....)...#
#..# #........# #..#
#........# #..#
#..[.....# #..#
#.......(# #..#
#........# #........#


You could see an ogre.

Vanquished Creatures
  Sigmund (D:4)
  A phantom (D:4)
  An ogre (D:4)
  A centaur skeleton (D:4)
  A worker ant (D:4)
  An iguana (D:4)
  8 adders
  An ooze (D:3)
  2 worms
  A dart slug (D:1)
  A leopard gecko (D:2)
  2 orcs
  6 bats
  4 giant cockroaches
  10 hobgoblins
  4 jackals (D:2)
  8 kobolds
  4 quokkas
  3 ball pythons (D:3)
  4 frilled lizards
  6 goblins
  9 rats
79 creatures vanquished.

Notes
Turn   | Place    | Note
-------+----------+-------------------------------------------
     0 | D:1      | Amnesiac the Deep Elf Fighter began the quest for the Orb.
     0 | D:1      | Reached XP level 1. HP: 13/13 MP: 3/3
   161 | D:1      | Reached skill level 1 in Dodging
   179 | D:1      | Reached XP level 2. HP: 15/18 MP: 4/4
   526 | D:2      | Reached XP level 3. HP: 15/22 MP: 5/5
  1400 | D:2      | Reached XP level 4. HP: 27/28 MP: 6/6
  2065 | D:3      | Found a glowing silver altar of Zin.
  2081 | D:3      | Found an iron altar of Okawaru.
  2085 | D:3      | Became a worshipper of Warmaster Okawaru
  2139 | D:3      | Found a sparkling altar of Nemelex Xobeh.
  2142 | D:3      | Found a shattered altar of Ashenzari.
  2260 | D:3      | Reached XP level 5. HP: 31/33 MP: 7/7
  2500 | D:4      | Found a staircase to the Ecumenical Temple.
  2600 | D:4      | Found a blossoming altar of Fedhas.
  2600 | D:4      | Found an opulent altar of Gozag.
  2760 | D:4      | Noticed Sigmund
  2794 | Temple   | Entered the Ecumenical Temple
  2948 | D:4      | Killed Sigmund
  2948 | D:4      | Reached XP level 6. HP: 29/39 MP: 8/8
  3051 | D:4      | Reached skill level 5 in Fighting
  3051 | D:4      | Reached skill level 5 in Dodging
  3382 | D:4      | Reached XP level 7. HP: 28/44 MP: 9/9
  3441 | D:4      | Mangled by an ogre

Illustrated notes

Levels and vault maps discovered:
D:1:      dpeg_arrival_tiny_h, layout_rooms
D:2:      minmay_razor_zed, layout_basic, ebering_dispersal_statue_hall,
          minmay_pentomino_t2
D:3:      minmay_angry_zag, layout_rooms, grunt_temple_overflow_cloverleaf,
          minmay_misc_feat_four_crosses
D:4:      layout_basic, gammafunk_temple_overflow_statue,
          minmay_temple_entry_slanted, grunt_ministairs_1,
          kennysheep_pointless_box, uniq_sigmund
Temple:   corrupted_temple

Skill      XL: |  1  2  3  4  5  6 |
---------------+-------------------+-----
Axes           | 2 |  2.0
Dodging        | 1 2 3 4 5 |  5.3
Fighting       | 3 4 5 |  5.4
Armour         | |  2.4
Shields        | |  2.4

Action                   |  1- 3 |  4- 6 |  7- 9 || total
-------------------------+-------+-------+-------++-------
Melee: War axe           |   105 |   212 |     9 ||   326
 Fire: Hunting sling     |     8 |    18 |     2 ||    28
Throw: Dart              |     4 |     9 |       ||    13
       Stone             |       |     1 |       ||     1
Evoke: Wand              |       |     1 |       ||     1
  Eat: Chunk             |     1 |     7 |       ||     8
Armor: Scale mail        |    50 |    34 |       ||    84
       Chain mail        |       |    90 |     4 ||    94
Dodge: Dodged            |    42 |    50 |       ||    92
Block: Kite shield       |    63 |    39 |       ||   102
       Tower shield      |       |   105 |     4 ||   109

Table legend:
 A = Non-vault XP
 B = Vault XP
 C = Vault XP percentage of total XP
 D = Non-vault monster count
 E = Vault monster count
 F = Vault count percentage of total count
                 A         B        C        D         E       F
            +---------+---------+-------+---------+---------+-------
      Total |     448 |     353 |  44.1 |      62 |      17 |  21.5
            +---------+---------+-------+---------+---------+-------
        D:1 |      20 |       0 |   0.0 |      11 |       0 |   0.0
        D:2 |      94 |      37 |  28.2 |      26 |       9 |  25.7
        D:3 |      48 |      20 |  29.4 |      19 |       5 |  20.8
        D:4 |     286 |     296 |  50.9 |       6 |       3 |  33.3
            +---------+---------+-------+---------+---------+-------
